 Dungeon Crawl Stone Soup version 0.31.0-11-ge490571c62 (webtiles) character file.

Game seed: 7893284322530279631

15 thirtiethelement the Trooper (level 2, -1/24 HPs)
             Began as a Demonspawn Monk on Jan 29, 2024.
             Slain by a cerulean imp
             ... wielding a +0 spear
             ... summoned by Natasha
              (5 damage)
             ... on level 2 of the Dungeon.
             The game lasted 00:01:02 (492 turns).

thirtiethelement the Trooper (Demonspawn Monk)       Turns: 492, Time: 00:01:03

Health: -1/24      AC:  5    Str: 11    XL:     2   Next: 34%
Magic:  2/2        EV: 11    Int: 10    God:
Gold:   37         SH:  0    Dex: 15    Spells: 1/1 levels left

rFire   . . .        (no weapon)
rCold   . . .        d - orb {light}
rNeg    . . .        e - +0 ring mail
rPois   .            (helmet restricted)
rElec   .            (no cloak)
rCorr   .            (no gloves)
SInv    .            (no boots)
Will    .....        (no amulet)
Stlth   +            (no ring)
HPRegen 0.24/turn    (no ring)
MPRegen 0.08/turn

%: no passive effects
@: glowing
A: antennae 1
a: no special abilities


You were on level 2 of the Dungeon.
You visited 1 branch of the dungeon, and saw 2 of its levels.

You collected 37 gold pieces.

Inventory:

Hand Weapons
 a - a +0 falchion
Armour
 b - a +0 robe
 d - an orb of light (worn)
 e - a +0 ring mail (worn)
 f - a +0 plate armour
Scrolls
 h - a scroll of enchant weapon {unknown}
Potions
 c - a potion of ambrosia
 g - a potion of curing {unknown}
 i - a potion of invisibility {unknown}


   Skills:
 + Level 3.3 Fighting
 + Level 2.8 Long Blades
 + Level 3.0 Dodging


You had one spell level left.
You didn't know any spells.
Your spell library contained the following spells:

 Spells                   Type           Power      Damage    Failure   Level
 Tukima's Dance           Hex            0%         N/A       95%         3
 Dimensional Bullseye     Hex/Tloc       0%         N/A       100%        4
 Iskenderun's Mystic Bla  Conj/Tloc      0%         2d3       100%        4


Dungeon Overview and Level Annotations

Branches:
Dungeon (2/15)

Altars:

Annotations:
D:2 Natasha


Innate Abilities, Weirdness & Mutations

You have a pair of small antennae on your head.


Message History

You are too injured to fight recklessly!
You hit Natasha but do no damage.
Natasha is moderately wounded.
Natasha closely misses you.
You completely miss Natasha.
Natasha is moderately wounded.
Natasha mumbles some strange words.
You hit Natasha.
Natasha is moderately wounded.
Natasha claws you!
* * * LOW HITPOINT WARNING * * *
The cerulean imp hits you but does no damage.
Natasha casts a spell.
The cerulean imp hits you but does no damage.
The cerulean imp hits you but does no damage.
The cerulean imp attacks as it pursues you!
The cerulean imp hits you from afar with a +0 spear.
* * * LOW HITPOINT WARNING * * *
Natasha mumbles some strange words.
The cerulean imp hits you from afar with a +0 spear.
* * * LOW HITPOINT WARNING * * *
You see here a +0 dagger.
The cerulean imp attacks as it pursues you!
The cerulean imp closely misses you.
The cerulean imp hits you but does no damage.
The cerulean imp attacks as it pursues you!
The cerulean imp barely misses you.
The cerulean imp attacks as it pursues you!
The cerulean imp completely misses you.
The cerulean imp hits you from afar with a +0 spear.
* * * LOW HITPOINT WARNING * * *
The cerulean imp attacks as it pursues you!
The cerulean imp hits you but does no damage.
The cerulean imp attacks as it pursues you!
The cerulean imp hits you but does no damage.
The cerulean imp closely misses you.
The cerulean imp disappears in a puff of smoke!
There is a stone staircase leading up here.
The cerulean imp hits you from afar with a +0 spear.
You die...

### ..#.# #.#.#####.##
#.#.#......#
#.######.#.#......#.#
.........>.#......#.#
)................##.##..#
#.####.#...###.#.##.##..#
#.#@.5###......##..#
#.#....5....#..##..#
..#...####.........#
###...# #..#..##..#
#...####.5#..##..#
#........h.......#
....####..#..###.#
.....##.......# #.#
......####..#..# #.#


You could see 2 cerulean imps.

Vanquished Creatures
  4 ball pythons (D:1)
  An endoplasm (D:1)
  A goblin (D:1)
  4 hobgoblins (D:1)
  A quokka (D:1)
  A frilled lizard (D:1)
  2 rats (D:1)
14 creatures vanquished.

Notes
Turn   | Place    | Note
-------+----------+-------------------------------------------
     0 | D:1      | thirtiethelement the Demonspawn Monk began the quest for
                  | the Orb.
     0 | D:1      | Reached XP level 1. HP: 18/18 MP: 1/1
   139 | D:1      | Discovered your monstrous ancestry.
   139 | D:1      | Gained mutation: You have a pair of small antennae on your
                  | head. [demonic ancestry]
   139 | D:1      | Reached XP level 2. HP: 24/24 MP: 2/2
   139 | D:1      | Noticed a shining eye
   143 | D:1      | Noticed a great orb of eyes
   210 | D:1      | Found a faded altar of an unknown god.
   212 | D:1      | Noticed a golden eye
   212 | D:1      | Noticed a great orb of eyes
   462 | D:2      | Noticed Natasha
   492 | D:2      | Slain by a cerulean imp

Illustrated notes

Levels and vault maps discovered:
D:1:      onia_arrival_pyramid, layout_rooms,
          hellmonk_ecumenical_altar_watching_god
D:2:      minmay_inner_zag, layout_basic, hangedman_decor_diamond_cutter,
          kennysheep_generic_room_10, uniq_natasha, uniq_robin

Skill      XL: |  1  2 |
---------------+-------+-----
Dodging        | 3 |  3.0
Fighting       | |  3.3
Long Blades    | |  2.8

Action                     || total
---------------------------++-------
  Melee: Falchion          ||    31
         Unarmed           ||    11
 Armour: Robe              ||     3
         Ring mail         ||    25
  Dodge: Dodged            ||    38
